 Dungeon Crawl Stone Soup version 0.18-a0-1071-g9f02aef (console) character file.

7601 FIQ the Basher (level 11, -1/69 HPs)
             Began as a Gargoyle Fighter on Jan 14, 2016.
             Was an Initiate of Gozag.
             Slain by a shadow (25 damage)
             ... on level 9 of the Dungeon.
             The game lasted 00:22:25 (9872 turns).

FIQ the Basher (Gargoyle Fighter)                   Turns: 9872, Time: 00:22:25

Health: -1/69      AC: 18    Str: 22    XL:     11   Next: 17%
Magic:  11/11      EV:  9    Int: 10    God:    Gozag
Gold:   822        SH: 11    Dex: 12    Spells: 0 memorised, 10 levels left

rFire  + . .     SeeInvis .     a - +1 flail
rCold  + . .     Gourm    .     r - +3 ring mail {rF+}
rNeg   + . .     Faith    .     c - +0 shield
rPois  ∞         Spirit   .     (no helmet)
rElec  +         Dismiss  .     e - +0 cloak
rCorr  .         Reflect  .     (no gloves)
SustAt .         Harm     .     (no boots)
MR     .....                    (no amulet)
Stlth  +.........               u - +3 ring of strength
                                h - ring of protection from cold

@: drained, not resistant to hostile enchantments, very unstealthy
A: negative energy resistance 1, electricity resistance, unbreathing,
petrification resistance, rot immunity, AC +7
a: Potion Petition, Call Merchant, Bribe Branch, Renounce Religion


You were on level 9 of the Dungeon.
You worshipped Gozag.
Gozag was noncommittal.
You were not hungry.

You visited 2 branches of the dungeon, and saw 10 of its levels.
You also visited: Ossuary.

You collected 1261 gold pieces.
You paid 439 gold pieces to Gozag.

Inventory:

Hand Weapons
 a - a +1 flail (weapon)
 o - a +0 whip of freezing
Armour
 c - a +0 shield (worn)
 e - a +0 cloak (worn)
 r - a +3 ring mail of fire resistance (worn)
Jewellery
 h - a ring of protection from cold (left hand)
 u - a +3 ring of strength (right hand)
Wands
 d - a wand of magic darts (22/48)
 n - a wand of draining (15/15)
 A - a wand of digging (3/24)
Scrolls
 j - 2 scrolls of teleportation
 l - a scroll of identify
 v - a scroll of amnesia
 w - a scroll of fear
 x - 3 scrolls of remove curse
Potions
 b - a potion of brilliance
 g - 2 potions of agility
 k - 2 potions of cancellation
 m - 3 potions of resistance
 p - 6 potions of curing
 t - a potion of cure mutation
Miscellaneous
 s - a plain deck of summoning
Comestibles
 f - 9 bread rations
 i - 4 meat rations


   Skills:
 + Level 8.9(8.3) Fighting
 * Level 10.8(10.2) Maces & Flails
 + Level 9.0(8.4) Armour
 + Level 9.0(8.4) Shields


You had 10 spell levels left.
You didn't know any spells.

Dungeon Overview and Level Annotations

Branches:
Dungeon (9/15)             Temple (1/1) D:6
   Lair: D:8-11         Orc: D:9-12

Altars:
Cheibriados
Dithmenos
Elyvilon
Gozag
Kikubaaqudgha
Makhleb
Nemelex Xobeh
Okawaru
Pakellas
Qazlal
Ru
Sif Muna
Trog
Vehumet
Xom
Yredelemnul
Zin
The Shining One

Shops:
D:5 }


Innate Abilities, Weirdness & Mutations

You are resistant to torment.
Your stone body is resilient (AC +7).
You are immune to poison.
You resist negative energy.
You are resistant to electric shocks.
You can survive without breathing.
You are immune to petrification.
You are immune to rotting.


Message History

The killer bee stings you but does no damage.
The killer bee stings you but does no damage.
You barely miss the killer bee.
The killer bee is heavily wounded.
The killer bee barely misses you. The killer bee completely misses you.
The shadow slips into darkness.
The shadow flickers and vanishes!
Deactivating autopickup; reactivate with Ctrl-A.
You closely miss the killer bee.
The killer bee is heavily wounded.
The killer bee stings you but does no damage. x2
You miss the killer bee.
The killer bee is heavily wounded.
The killer bee stings you but does no damage.
You sock the killer bee!
You kill the killer bee!
You hit something but do no damage.
The shadow strikes at you from the darkness!
You die...
Your body crumbles into a pile of gold.

#...)..)..# #..#..#.y.
##.######.# #..#..#...
# #....# # #..#..#
#### ##.#.# #.#
#..#..####.[. #####.#
#.# #..#.......#.
#.....# #.#
#..#......##. #.#####
#.# #..#####..#.. #.#
#.# #..# ##...#.. #.#
#.# #..###[..##..
#.##### #.#
#a.#.....#|.. #.....#
#@# #lo.....##...
#####.# #$#
#.....###.... #.# #.#
#l####WO####...... #.#
#.# #O...#'##.........
#.# #.#
#.##.O............ #.#
#.###.################
#.# #.##..#
####.##..... #.#
#.##.## #...........
#.# #.##.#
#.#####.....
#.####.##.#### #.#
#.####
#............###.#
#....>


You could see a two-headed ogre and an iguana.

Vanquished Creatures
  Erolcha (D:8)
  Pikel (D:4)
  A moth of wrath (D:7)
  Joseph (D:9)
  A tengu conjurer (D:9)
  A two-headed ogre (D:9)
  Edmund (D:4)
  A spriggan (D:8)
  A yak (D:9)
  A hippogriff (D:8)
  An eye of draining (D:9)
  2 sky beasts
  6 ogres
  An orc warrior (D:9)
  2 phantoms
  A black bear (D:8)
  2 necrophages
  3 ice beasts
  A centaur (D:5)
  A crocodile (D:9)
  2 big kobolds (D:9)
  6 giant frogs
  A scorpion (D:9)
  4 wights (D:6)
  8 killer bees
  3 crimson imps
  A centaur zombie (D:9)
  7 hounds
  A giant frog zombie (D:9)
  4 giant frog skeletons
  An orc priest (D:8)
  9 orc wizards
  Crazy Yiuf (D:3)
  A centaur skeleton (D:5)
  4 iguanas
  11 worker ants
  A statue (D:8)
  13 mummies (Ossuary)
  2 hound skeletons
  Robin (D:4)
  A worker ant zombie (D:9)
  11 gnolls
  7 adders
  2 river rats (D:3)
  9 shadow imps
  4 oozes
  2 adder skeletons
  2 adder zombies
  4 worms
  10 giant geckos
  29 orcs
  8 giant cockroaches
  13 goblins
  13 hobgoblins
  9 jackals
  2 quokkas (D:7)
  2 ball pythons
  7 bats
  5 giant newts
  4 gnoll skeletons (Ossuary)
  A jackal zombie (D:5)
  6 kobolds
  2 kobold skeletons (Ossuary)
  2 orc skeletons (Ossuary)
  A quokka skeleton (D:7)
  2 quokka zombies
  10 rats
  11 rat skeletons (Ossuary)
  A fungus (D:3)
291 creatures vanquished.

Vanquished Creatures (others)
  A yak (D:9)
  A slave (D:4)
2 creatures vanquished.

Grand Total: 293 creatures vanquished

Notes
Turn   | Place    | Note
--------------------------------------------------------------
     0 | D:1      | FIQ the Gargoyle Fighter began the quest for the Orb.
     0 | D:1      | Reached XP level 1. HP: 14/14 MP: 1/1
    96 | D:1      | Reached XP level 2. HP: 14/19 MP: 2/2
   278 | D:1      | Reached XP level 3. HP: 15/23 MP: 3/3
  1123 | D:2      | Found a deep blue altar of Sif Muna.
  1178 | D:3      | Reached XP level 4. HP: 26/29 MP: 4/4
  1217 | D:3      | Found a basalt altar of Yredelemnul.
  1329 | D:3      | Reached skill level 4 in Shields
  1432 | D:3      | Reached XP level 5. HP: 26/33 MP: 5/5
  1638 | D:3      | Found a white marble altar of Elyvilon.
  2034 | D:3      | Noticed Crazy Yiuf
  2048 | D:3      | Killed Crazy Yiuf
  2239 | D:4      | Noticed a slave
  2239 | D:4      | Noticed a slave
  2240 | D:4      | Noticed Pikel
  2240 | D:4      | Noticed a slave
  2240 | D:4      | Noticed a slave
  2269 | D:4      | Killed Pikel
  2269 | D:4      | Reached skill level 5 in Fighting
  2269 | D:4      | Reached skill level 5 in Maces & Flails
  2269 | D:4      | Reached skill level 5 in Armour
  2269 | D:4      | Reached skill level 5 in Shields
  2269 | D:4      | Reached XP level 6. HP: 18/40 MP: 6/6
  2269 | D:4      | Reached XP level 7. HP: 19/44 MP: 7/7
  2416 | D:4      | Reached XP level 8. HP: 13/50 MP: 8/8
  2485 | D:4      | Noticed Robin
  2543 | D:4      | Killed Robin
  2562 | D:4      | Found a glowing golden altar of the Shining One.
  2723 | D:4      | Noticed Edmund
  2745 | D:4      | Killed Edmund
  2745 | D:4      | Reached skill level 6 in Maces & Flails
  2948 | D:4      | Found a deep blue altar of Sif Muna.
  3036 | D:5      | Entered Level 5 of the Dungeon
  3382 | D:5      | Reached skill level 7 in Maces & Flails
  3486 | D:5      | Found Efuocw's Gadget Shop.
  3526 | D:5      | Found a sand-covered staircase.
  3534 | Ossuary  | Entered an ossuary
  3565 | Ossuary  | Reached XP level 9. HP: 44/55 MP: 9/9
  4163 | Ossuary  | Gained mutation: You are resistant to hostile enchantments. [potion of mutation]
  4163 | Ossuary  | Gained mutation: You are frail (-10% HP). [potion of mutation]
  4163 | Ossuary  | Gained mutation: You have a somewhat thin skeletal structure (Dex +2, Stealth). [potion of mutation]
  4164 | Ossuary  | Gained mutation: You have large cloven feet. [potion of mutation]
  4164 | Ossuary  | Gained mutation: You are weak. (Str -2) [potion of mutation]
  4165 | Ossuary  | Gained mutation: Your magical capacity is low (-10% MP). [potion of mutation]
  4165 | Ossuary  | Gained mutation: Scrolls take you a little longer to read. [potion of mutation]
  4165 | Ossuary  | Gained mutation: You have a pair of small antennae on your head. [potion of mutation]
  4172 | Ossuary  | Lost mutation: You have large cloven feet. [potion of cure mutation]
  4172 | Ossuary  | Lost mutation: You are resistant to hostile enchantments. [potion of cure mutation]
  4172 | Ossuary  | Lost mutation: Scrolls take you a little longer to read. [potion of cure mutation]
  4172 | Ossuary  | Lost mutation: You are weak. (Str -2) [potion of cure mutation]
  4172 | Ossuary  | Lost mutation: You are frail (-10% HP). [potion of cure mutation]
  4224 | D:5      | Found a shimmering altar of Xom.
  4349 | D:5      | Found a shimmering altar of Xom.
  4961 | D:6      | Found a sparkling altar of Nemelex Xobeh.
  5125 | D:6      | Reached skill level 8 in Maces & Flails
  5236 | D:5      | Got an iridescent rapier
  5237 | D:5      | Identified the +5 rapier of Roheigg {pierce, rN+} (You found it on level 5 of the Dungeon)
  5373 | D:6      | Found a staircase to the Ecumenical Temple.
  5562 | Temple   | Entered the Ecumenical Temple
  6055 | D:7      | Got an encrusted leather armour
  6094 | D:7      | Found an opulent altar of Gozag.
  6102 | D:7      | Became a worshipper of Gozag Ym Sagoz the Greedy
  6138 | D:7      | Identified the +3 leather armour "Roshronull" {-Tele rPois Int+3 Stlth+} (You found it on level 7 of the Dungeon)
  6274 | D:7      | Found a stormy altar of Qazlal.
  6323 | D:7      | Found a sacrificial altar of Ru.
  6327 | D:7      | Lost mutation: Your magical capacity is low (-10% MP). [potion of mutation]
  6327 | D:7      | Gained mutation: Armour fits poorly on your strangely shaped body. [potion of mutation]
  7002 | D:7      | Lost mutation: Armour fits poorly on your strangely shaped body. [potion of cure mutation]
  7002 | D:7      | Lost mutation: You have a somewhat thin skeletal structure (Dex +2, Stealth). [potion of cure mutation]
  7002 | D:7      | Lost mutation: You have a pair of small antennae on your head. [potion of cure mutation]
  7056 | D:7      | Noticed a moth of wrath
  7058 | D:7      | Found a bloodstained altar of Trog.
  7113 | D:7      | Killed a moth of wrath
  7113 | D:7      | Reached skill level 9 in Maces & Flails
  7113 | D:7      | Reached XP level 10. HP: 64/64 MP: 10/10
  7618 | D:8      | Noticed Erolcha
  7652 | D:8      | Killed Erolcha
  8009 | D:8      | Found a radiant altar of Vehumet.
  8456 | D:8      | Reached skill level 10 in Maces & Flails
  8674 | D:9      | Found a shadowy altar of Dithmenos.
  9020 | D:9      | Noticed Joseph
  9050 | D:9      | Killed Joseph
  9050 | D:9      | Reached XP level 11. HP: 39/69 MP: 11/11
  9143 | D:9      | Found an oddly glowing altar of Pakellas.
  9143 | D:9      | Noticed an orange crystal statue
  9710 | D:8      | Got a dazzling spear
  9711 | D:8      | Identified the +8 spear "Tudd" {flame, -Tele rPois rN+ Int+4} (You found it on level 8 of the Dungeon)
  9872 | D:9      | Slain by a shadow

Vault maps used:
D:1:      lemuel_arrival_behind_the_door_large
D:2:      nicolae_overflow_crystal_walls
D:3:      kennysheep_ying_yang, portal_sewer_entry_b, first_bread,
          uniq_crazy_yiuf_cottage
D:4:      tso_oasis_becter, nicolae_overflow_hidden_temple,
          lemuel_blue_sif_altar, uniq_robin, uniq_pikel, uniq_edmund
D:5:      lemuel_round_altar, enter_ossuary_3, serial_shops, nicolae_shop_stone,
          tgw_xom
D:6:      minmay_temple_entry_overgrown, kennysheep_decorative_pillar,
          nemelex_deck
D:7:      nicolae_gozag_seed_capital, lemuel_doored_altar,
          nicolae_qazlal_style_of_elements, tgw_trog, serial_glass,
          glass_columns_b, glass_columns_b, due_unseen_surprise,
          item_on_display_a, grunt_decor_fettered
D:8:      vehumet_statue, the_bakery, uniq_erolcha
D:9:      minmay_quarter_circles, old_standard_altar,
          gammafunk_pakellas_statue_experiment, uniq_joseph
Temple:   hc_temple_tempest_star
Ossuary:  ossuary_due_small_catacomb

Action                   |  1- 3 |  4- 6 |  7- 9 | 10-12 || total
-------------------------+-------+-------+-------+-------++-------
Melee: Flail             |   127 |   175 |   702 |   488 ||  1492
Invok: Potion Petition   |       |       |     1 |     1 ||     2
Evoke: Wand              |       |       |     2 |       ||     2
  Use: Scroll            |     6 |     2 |    11 |       ||    19
       Potion            |       |       |    16 |     2 ||    18
 Stab: Invisible         |       |       |     2 |       ||     2
       Sleeping          |       |       |     2 |       ||     2
  Eat: Chunk             |     1 |     5 |     7 |       ||    13
       Fruit             |       |       |     7 |       ||     7
       Beef jerky        |       |       |     3 |       ||     3
       Meat ration       |       |       |       |     2 ||     2
